General information
- name: BNet
- type: Ladder team game (AT/RT)
- host: Battle.net
- saver: Refugee_
map: FullScaleAssault
- players: 8
- length: 24:00
- speed: Fast
- version: 1.27 W3XP
- replay type: Public
» download(179 KB)
Players
team 1 (loser)

»
Styxxxx (
yellow | 39 APM | 896 actions | 23:12)
4 Blademaster
2 Wind Walk
2 Critical Strike
4 Shadow Hunter
2 Healing Wave
2 Hex
1 Death Knight
1 Animate Dead
» actions
| Assign group hotkey | 18 | |
| Build / train | 54 | |
| Enter build submenu | 14 | |
| Enter hero's abilities submenu | 9 | |
| Give item / drop item | 2 | |
| Right click | 412 | |
| Select / deselect | 277 | |
| Select group hotkey | 62 | |
| Use ability | 48 | |
896 total
» units
» upgrades
| Armor | 3 | |
| Shaman Training | 2 | |
| Melee Weapons | 3 | |
| Pulverize | 1 | |
9 total
» buildings
| Altar of Storms | 1 | |
| Orc Burrow | 8 | |
| Voodoo Lounge | 1 | |
| Stronghold | 1 | |
| War Mill | 1 | |
| Fortress | 1 | |
| Spirit Lodge | 1 | |
| Tauren Totem | 2 | |
| Great Hall | 2 | |
18 total
» build order
00:10 Altar of Storms
00:16 Orc Burrow
01:14 Voodoo Lounge
02:20 Stronghold
02:27 War Mill
04:43 Fortress
04:47 Spirit Lodge
05:28 Orc Burrow
05:30 Orc Burrow
05:33 Orc Burrow
05:35 Orc Burrow
05:36 Orc Burrow
05:37 Orc Burrow
07:06 Tauren Totem
07:09 Tauren Totem
10:11 Great Hall
16:08 Great Hall
20:41 Orc Burrow
» items
| Orb of Lightning | 1 | |
| Healing Salve | 1 | |
2 total

»
Bandza123 (
teal | 60 APM | 1341 actions | 22:22)
5 Death Knight
3 Death Coil
1 Death Pact
1 Unholy Aura
3 Crypt Lord
2 Impale
1 Spiked Carapace
» actions
| Assign group hotkey | 20 | |
| Build / train | 66 | |
| Enter build submenu | 21 | |
| Enter hero's abilities submenu | 8 | |
| Give item / drop item | 2 | |
| Remove unit from queue | 2 | |
| Right click | 566 | |
| Select / deselect | 220 | |
| Select group hotkey | 374 | |
| Use ability | 59 | |
1341 total
» units
| Acolyte | 8 | |
| Ghoul | 5 | |
| Crypt Fiend | 7 | |
| Obsidian Statue | 3 | |
| Frost Wyrm | 4 | |
27 total
» upgrades
| Web | 1 | |
| Creature Attack | 3 | |
| Creature Carapace | 1 | |
| Freezing Breath | 1 | |
6 total
» buildings
| Altar of Darkness | 1 | |
| Ziggurat | 13 | |
| Crypt | 1 | |
| Tomb of Relics | 1 | |
| Graveyard | 1 | |
| Halls of the Dead | 4 | |
| Nerubian Tower | 3 | |
| Slaughterhouse | 1 | |
| Sacrificial Pit | 1 | |
| Black Citadel | 1 | |
| Spirit Tower | 3 | |
| Boneyard | 3 | |
33 total
» build order
00:09 Altar of Darkness
00:16 Ziggurat
00:42 Crypt
01:08 Tomb of Relics
01:36 Graveyard
02:14 Ziggurat
03:11 Halls of the Dead
03:11 Halls of the Dead
04:10 Ziggurat
04:53 Nerubian Tower
06:37 Slaughterhouse
06:42 Sacrificial Pit
07:21 Ziggurat
07:23 Ziggurat
07:39 Black Citadel
08:24 Spirit Tower
08:25 Nerubian Tower
08:25 Nerubian Tower
08:28 Ziggurat
08:29 Ziggurat
08:33 Ziggurat
10:54 Boneyard
10:55 Boneyard
10:57 Boneyard
11:06 Spirit Tower
11:11 Spirit Tower
12:57 Ziggurat
14:47 Ziggurat
17:17 Ziggurat
17:19 Ziggurat
18:43 Ziggurat
» items
| Rod of Necromancy | 1 | |
| Sacrificial Skull | 1 | |
| Periapt of Vitality | 1 | |
| Scroll of Town Portal | 2 | |
| Potion of Healing | 1 | |
6 total

»
AbduLzAlbani (
green | 59 APM | 1426 actions | 23:58)
3 Archmage
1 Summon Water Elemental
2 Blizzard
» actions
| Build / train | 108 | |
| Enter build submenu | 39 | |
| Enter hero's abilities submenu | 3 | |
| Remove unit from queue | 3 | |
| Right click | 946 | |
| Select / deselect | 285 | |
| Use ability | 42 | |
1426 total
» units
| Peasant | 11 | |
| Footman | 6 | |
| Rifleman | 2 | |
| Priest | 6 | |
| Sorceress | 3 | |
| Goblin Zeppelin | 1 | |
| Spell Breaker | 1 | |
| Makrura Deepseer | 1 | |
| Flying Machine | 50 | |
| Blue Drake | 1 | |
82 total
» upgrades
| Priest Training | 2 | |
| Sorceress Training | 2 | |
| Magic Sentry | 1 | |
| Control Magic | 1 | |
| Barrage | 0 | |
| Flak Cannons | 1 | |
| Flying Machine Bombs | 1 | |
| Gunpowder | 2 | |
10 total
» buildings
| Altar of Kings | 1 | |
| Farm | 12 | |
| Barracks | 1 | |
| Lumber Mill | 1 | |
| Scout Tower | 7 | |
| Blacksmith | 1 | |
| Guard Tower | 5 | |
| Keep | 1 | |
| Arcane Vault | 1 | |
| Arcane Sanctum | 3 | |
| Castle | 1 | |
| Workshop | 2 | |
| Cannon Tower | 1 | |
37 total
» build order
00:37 Altar of Kings
00:41 Farm
01:00 Barracks
01:46 Lumber Mill
01:58 Farm
02:16 Farm
02:56 Farm
03:08 Scout Tower
03:13 Scout Tower
03:23 Blacksmith
03:48 Farm
03:51 Guard Tower
04:28 Farm
04:33 Scout Tower
04:46 Keep
05:18 Guard Tower
05:25 Arcane Vault
06:37 Farm
06:43 Farm
06:57 Farm
07:23 Arcane Sanctum
07:32 Arcane Sanctum
08:35 Arcane Sanctum
08:41 Castle
09:43 Workshop
10:15 Farm
10:22 Scout Tower
11:05 Guard Tower
12:42 Farm
14:09 Farm
15:08 Scout Tower
15:43 Cannon Tower
18:04 Scout Tower
18:10 Scout Tower
18:47 Guard Tower
19:34 Workshop
20:13 Guard Tower

»
KOBBA (
blue | 23 APM | 553 actions | 23:35)
6 Paladin
2 Holy Light
3 Divine Shield
1 Resurrection
» actions
| Build / train | 68 | |
| Enter build submenu | 27 | |
| Enter hero's abilities submenu | 6 | |
| Remove unit from queue | 1 | |
| Right click | 165 | |
| Select / deselect | 230 | |
| Use ability | 56 | |
553 total
» units
| Peasant | 8 | |
| Footman | 10 | |
| Spell Breaker | 3 | |
| Knight | 4 | |
| Priest | 5 | |
| Sorceress | 5 | |
35 total
» upgrades
| Masonry | 2 | |
| Swords | 3 | |
| Plating | 2 | |
| Lumber Harvesting | 2 | |
| Priest Training | 2 | |
| Sorceress Training | 2 | |
| Animal War Training | 1 | |
| Control Magic | 1 | |
15 total
» buildings
| Altar of Kings | 1 | |
| Farm | 10 | |
| Barracks | 1 | |
| Lumber Mill | 1 | |
| Scout Tower | 8 | |
| Arcane Tower | 4 | |
| Arcane Vault | 1 | |
| Guard Tower | 2 | |
| Keep | 1 | |
| Blacksmith | 1 | |
| Arcane Sanctum | 2 | |
| Castle | 1 | |
33 total
» build order
00:27 Altar of Kings
00:42 Farm
01:00 Barracks
01:25 Lumber Mill
01:32 Farm
02:30 Scout Tower
02:53 Farm
02:59 Arcane Tower
03:13 Scout Tower
03:27 Scout Tower
03:43 Arcane Vault
03:46 Guard Tower
04:06 Farm
04:09 Arcane Tower
04:44 Keep
04:49 Farm
04:59 Blacksmith
05:47 Scout Tower
06:24 Arcane Tower
06:28 Farm
07:07 Arcane Sanctum
07:11 Arcane Sanctum
08:05 Castle
08:41 Scout Tower
08:46 Farm
09:33 Arcane Tower
09:38 Scout Tower
09:57 Farm
12:40 Farm
14:11 Farm
15:15 Guard Tower
17:27 Scout Tower
20:49 Scout Tower
» items
team 2 (winner)
onestepahead (
pink | 110 APM | 2640 actions | 23:59)
6 Death Knight
3 Death Coil
2 Unholy Aura
1 Animate Dead
4 Lich
2 Frost Nova
2 Frost Armor
2 Crypt Lord
1 Impale
1 Spiked Carapace
» actions
| Assign group hotkey | 23 | |
| Basic commands | 252 | |
| Build / train | 75 | |
| ESC pressed | 1 | |
| Enter build submenu | 22 | |
| Enter hero's abilities submenu | 13 | |
| Give item / drop item | 16 | |
| Remove unit from queue | 3 | |
| Right click | 576 | |
| Select / deselect | 448 | |
| Select group hotkey | 1133 | |
| Use ability | 78 | |
2640 total
» units
| Acolyte | 7 | |
| Ghoul | 6 | |
| Crypt Fiend | 6 | |
| Giant Sea Turtle | 1 | |
| Makrura Snapper | 1 | |
| Mur'gul Snarecaster | 1 | |
| Makrura Deepseer | 1 | |
| Frost Wyrm | 6 | |
29 total
» upgrades
| Creature Attack | 3 | |
| Creature Carapace | 3 | |
| Web | 1 | |
| Freezing Breath | 1 | |
8 total
» buildings
| Ziggurat | 9 | |
| Graveyard | 1 | |
| Crypt | 1 | |
| Altar of Darkness | 1 | |
| Tomb of Relics | 1 | |
| Halls of the Dead | 1 | |
| Black Citadel | 1 | |
| Sacrificial Pit | 1 | |
| Boneyard | 2 | |
18 total
» build order
00:10 Ziggurat
00:13 Graveyard
00:42 Crypt
01:08 Altar of Darkness
01:16 Ziggurat
01:42 Tomb of Relics
03:54 Halls of the Dead
04:18 Ziggurat
05:53 Ziggurat
07:54 Black Citadel
08:45 Sacrificial Pit
08:58 Ziggurat
09:00 Ziggurat
09:05 Ziggurat
10:48 Boneyard
10:50 Boneyard
15:46 Ziggurat
15:48 Ziggurat
» items
| Rod of Necromancy | 3 | |
| Boots of Speed | 2 | |
| Dust of Appearance | 2 | |
| Orb of Corruption | 1 | |
| Scroll of Town Portal | 3 | |
| Potion of Lesser Invulnerability | 1 | |
| Orb of Fire | 1 | |
| Staff of Sanctuary | 1 | |
| Lesser Clarity Potion | 1 | |
15 total

»
iamnoobkillme (
red | 110 APM | 2642 actions | 23:59)
4 Blademaster
2 Wind Walk
2 Critical Strike
3 Shadow Hunter
1 Hex
2 Healing Wave
1 Far Seer
1 Feral Spirit
» actions
| Assign group hotkey | 22 | |
| Basic commands | 5 | |
| Build / train | 70 | |
| Enter build submenu | 20 | |
| Enter hero's abilities submenu | 8 | |
| Give item / drop item | 5 | |
| Remove unit from queue | 2 | |
| Right click | 1205 | |
| Select / deselect | 325 | |
| Select group hotkey | 874 | |
| Use ability | 106 | |
2642 total
» units
| Peon | 12 | |
| Shaman | 7 | |
| Goblin Zeppelin | 1 | |
| Tauren | 2 | |
| Troll Witch Doctor | 3 | |
| Spirit Walker | 2 | |
27 total
» upgrades
| Ranged Weapons | 1 | |
| Shaman Training | 2 | |
| Witch Doctor Training | 2 | |
| Pillage | 1 | |
| Reinforced Defenses | 1 | |
| Spirit Walker Training | 2 | |
| Pulverize | 1 | |
10 total
» buildings
| Altar of Storms | 1 | |
| Orc Burrow | 9 | |
| Voodoo Lounge | 2 | |
| War Mill | 2 | |
| Stronghold | 1 | |
| Fortress | 1 | |
| Spirit Lodge | 3 | |
| Watch Tower | 2 | |
| Tauren Totem | 2 | |
23 total
» build order
00:16 Altar of Storms
00:21 Orc Burrow
00:37 Voodoo Lounge
01:48 Orc Burrow
02:06 Orc Burrow
02:23 War Mill
03:00 Stronghold
03:07 Orc Burrow
04:55 Orc Burrow
06:50 Fortress
06:55 Spirit Lodge
06:56 Spirit Lodge
07:38 Orc Burrow
08:34 Spirit Lodge
10:16 Watch Tower
10:29 Watch Tower
10:37 Orc Burrow
10:50 Tauren Totem
10:57 Tauren Totem
11:04 War Mill
15:20 Orc Burrow
15:27 Orc Burrow
19:43 Voodoo Lounge
» items
| Lesser Clarity Potion | 5 | |
| Scroll of Speed | 1 | |
| Healing Salve | 3 | |
| Boots of Speed | 1 | |
| Staff of Teleportation | 3 | |
| Tiny Great Hall | 1 | |
| Potion of Invisibility | 1 | |
| Orb of Lightning | 1 | |
| Scroll of Town Portal | 2 | |
18 total
Refugee_ (
purple | 46 APM | 1106 actions | 24:00)
3 Mountain King
2 Storm Bolt
1 Bash
» actions
| Assign group hotkey | 49 | |
| Basic commands | 7 | |
| Build / train | 90 | |
| Enter build submenu | 79 | |
| Enter hero's abilities submenu | 3 | |
| Remove unit from queue | 1 | |
| Right click | 402 | |
| Select / deselect | 251 | |
| Select group hotkey | 77 | |
| Use ability | 147 | |
1106 total
» units
| Peasant | 18 | |
| Goblin Shredder | 1 | |
| Goblin Sapper | 8 | |
| Siege Engine | 1 | |
28 total
» upgrades
| Masonry | 3 | |
| Lumber Harvesting | 1 | |
| Gunpowder | 3 | |
| Armor | 3 | |
| Barrage | 1 | |
11 total
» buildings
| Lumber Mill | 2 | |
| Farm | 4 | |
| Scout Tower | 89 | |
| Guard Tower | 31 | |
| Keep | 1 | |
| Arcane Vault | 3 | |
| Altar of Kings | 1 | |
| Town Hall | 2 | |
| Castle | 1 | |
| Blacksmith | 2 | |
| Workshop | 5 | |
141 total
» build order
00:21 Lumber Mill
01:00 Farm
01:22 Scout Tower
01:33 Scout Tower
01:48 Scout Tower
01:51 Scout Tower
01:54 Guard Tower
01:57 Scout Tower
02:00 Scout Tower
02:10 Guard Tower
02:24 Guard Tower
02:27 Scout Tower
02:31 Guard Tower
02:35 Scout Tower
02:43 Farm
02:59 Scout Tower
03:08 Scout Tower
03:13 Guard Tower
03:16 Guard Tower
03:18 Guard Tower
03:23 Scout Tower
03:26 Scout Tower
03:30 Guard Tower
03:38 Scout Tower
03:39 Guard Tower
03:43 Scout Tower
03:51 Scout Tower
03:52 Scout Tower
04:04 Scout Tower
04:05 Scout Tower
04:16 Scout Tower
04:18 Scout Tower
04:24 Keep
04:27 Guard Tower
04:35 Scout Tower
04:40 Scout Tower
04:44 Scout Tower
04:50 Guard Tower
04:52 Scout Tower
04:55 Scout Tower
04:59 Guard Tower
05:32 Scout Tower
05:34 Scout Tower
05:35 Scout Tower
05:45 Guard Tower
05:53 Scout Tower
06:03 Scout Tower
06:05 Scout Tower
06:07 Scout Tower
06:08 Scout Tower
06:12 Scout Tower
06:14 Scout Tower
06:15 Scout Tower
06:27 Scout Tower
06:29 Scout Tower
06:30 Scout Tower
06:42 Arcane Vault
06:47 Arcane Vault
06:51 Scout Tower
06:54 Scout Tower
06:56 Guard Tower
07:00 Guard Tower
07:28 Arcane Vault
07:36 Guard Tower
07:41 Guard Tower
07:51 Scout Tower
07:54 Scout Tower
07:57 Scout Tower
08:01 Scout Tower
08:04 Scout Tower
08:09 Guard Tower
08:21 Altar of Kings
08:31 Farm
09:21 Town Hall
09:26 Town Hall
09:50 Guard Tower
10:00 Scout Tower
10:02 Scout Tower
10:03 Scout Tower
10:04 Scout Tower
10:05 Scout Tower
10:06 Scout Tower
10:30 Farm
10:41 Guard Tower
10:44 Guard Tower
10:52 Guard Tower
11:21 Guard Tower
11:30 Guard Tower
11:32 Guard Tower
12:27 Guard Tower
12:57 Castle
13:00 Scout Tower
13:02 Scout Tower
13:03 Scout Tower
13:06 Scout Tower
13:08 Scout Tower
13:15 Scout Tower
13:16 Scout Tower
13:20 Scout Tower
13:22 Scout Tower
14:29 Scout Tower
14:30 Scout Tower
14:35 Scout Tower
14:35 Scout Tower
14:36 Scout Tower
14:39 Scout Tower
14:40 Scout Tower
14:41 Scout Tower
14:43 Scout Tower
14:44 Scout Tower
14:46 Scout Tower
14:47 Scout Tower
14:48 Scout Tower
14:49 Scout Tower
14:50 Scout Tower
14:51 Scout Tower
14:52 Scout Tower
14:52 Scout Tower
14:54 Scout Tower
14:57 Scout Tower
14:59 Scout Tower
15:00 Scout Tower
15:01 Scout Tower
15:02 Scout Tower
15:04 Scout Tower
15:06 Scout Tower
15:06 Scout Tower
15:18 Guard Tower
16:17 Guard Tower
16:22 Blacksmith
16:23 Blacksmith
16:47 Guard Tower
18:29 Workshop
18:30 Workshop
18:31 Workshop
18:33 Workshop
18:36 Workshop
18:48 Guard Tower
18:59 Lumber Mill
20:54 Guard Tower
20:57 Scout Tower
23:08 Guard Tower
» items
| Mechanical Critter | 2 | |
| Staff of Teleportation | 1 | |
| Boots of Speed | 1 | |
| Scroll of Town Portal | 3 | |
| Healing Salve | 1 | |
| Lesser Clarity Potion | 2 | |
| Potion of Invisibility | 1 | |
| Potion of Healing | 2 | |
13 total

»
Dominik.44.fr (
orange | 47 APM | 1121 actions | 23:59)
2 Death Knight
1 Death Coil
1 Unholy Aura
5 Dark Ranger
1 Black Arrow
3 Life Drain
1 Silence
» actions
| Basic commands | 2 | |
| Build / train | 63 | |
| Enter build submenu | 20 | |
| Enter hero's abilities submenu | 7 | |
| Give item / drop item | 1 | |
| Remove unit from queue | 1 | |
| Right click | 706 | |
| Select / deselect | 284 | |
| Use ability | 37 | |
1121 total
» units
| Acolyte | 7 | |
| Ghoul | 7 | |
| Crypt Fiend | 11 | |
| Frost Wyrm | 7 | |
32 total
» upgrades
| Creature Attack | 3 | |
| Creature Carapace | 3 | |
| Burrow | 1 | |
| Web | 1 | |
| Freezing Breath | 2 | |
10 total
» buildings
| Ziggurat | 9 | |
| Altar of Darkness | 1 | |
| Graveyard | 1 | |
| Crypt | 1 | |
| Tomb of Relics | 2 | |
| Nerubian Tower | 3 | |
| Halls of the Dead | 1 | |
| Necropolis | 1 | |
| Black Citadel | 1 | |
| Sacrificial Pit | 1 | |
| Boneyard | 2 | |
| Spirit Tower | 2 | |
25 total
» build order
01:18 Ziggurat
01:23 Altar of Darkness
01:27 Graveyard
01:35 Crypt
01:41 Ziggurat
02:08 Tomb of Relics
02:54 Nerubian Tower
04:11 Halls of the Dead
06:10 Necropolis
07:10 Black Citadel
07:16 Sacrificial Pit
08:50 Ziggurat
08:56 Ziggurat
10:27 Boneyard
10:31 Boneyard
10:38 Ziggurat
10:41 Ziggurat
10:58 Ziggurat
11:00 Ziggurat
11:33 Spirit Tower
11:38 Nerubian Tower
12:41 Nerubian Tower
12:44 Spirit Tower
14:40 Tomb of Relics
20:44 Ziggurat
» items
| Scroll of Town Portal | 3 | |
| Scroll of Regeneration | 1 | |
4 total
Chat log
(00:10 / Allies) iamnoobkillme: bats
(00:17 / Allies) onestepahead: no please no
(00:27 / Allies) onestepahead: no one ever wins with bats
(00:32 / Allies) iamnoobkillme: ok what do you need ?
(00:33 / Allies) Dominik.44.fr: Hi
(00:39 / Allies) onestepahead: lust
(00:41 / Allies) iamnoobkillme: i always do
(00:53 / Allies) onestepahead: ok man but i really hope youa re good with them!
(00:55 / Allies) onestepahead: your call
(00:56 / Allies) iamnoobkillme: keeping on hitting buildings
(01:05 / Allies) onestepahead: word
(01:19 / Allies) iamnoobkillme: what do you need for me?
(01:20 / Allies) onestepahead: fast expo for me
(01:22 / Allies) iamnoobkillme: air map
(01:32 / Allies) onestepahead: lust
(01:42 / Allies) iamnoobkillme: lust?
(01:51 / Allies) onestepahead: for my frosties
(01:52 / Allies) iamnoobkillme: what is that?
(01:57 / Allies) iamnoobkillme: ok
(01:59 / Allies) onestepahead: shaman man...
(02:00 / Allies) iamnoobkillme: try
(03:17 / All) Styxxxx: do you have some towers ?
(04:39 / Allies) onestepahead: i saw you teching hope its ok i creep this
(06:29 / Allies) Dominik.44.fr: shop
(07:06 / Allies) iamnoobkillme: i go casters
(08:09 / Allies) onestepahead: get more than just lust though man
(08:13 / Allies) onestepahead: get some tauren ,maybe
(08:15 / Allies) onestepahead: or raiders
(09:16 / Allies) onestepahead: ...
(12:26 / Allies) onestepahead: ty
(14:11 / Allies) onestepahead: lets hit top"?
(14:47 / Allies) onestepahead: top?
(15:38 / Allies) onestepahead: lets go man
(15:39 / Allies) onestepahead: come on
(16:19 / All) Styxxxx: cheat ?
(16:29 / Allies) Refugee_: lol
(16:38 / All) Refugee_: so?
(17:58 / Allies) Refugee_: back?
(18:06 / Allies) onestepahead: y
(18:07 / Allies) Refugee_: all back
(18:10 / Allies) Refugee_: back
(18:23 / Allies) onestepahead: good job hit down low
(18:23 / Allies) onestepahead: fast
(19:03 / Allies) onestepahead: all go top???
(19:44 / Allies) onestepahead: all go top!
(20:05 / Allies) Dominik.44.fr: i come
(20:22 / Allies) iamnoobkillme: wait for me
(20:28 / Allies) onestepahead: hurry up
(20:31 / Allies) onestepahead: they are coming bottom
(21:06 / Allies) onestepahead: hit human
(21:38 / Allies) Refugee_: out?
(22:14 / All) Refugee_: STOP
(22:15 / All) Refugee_: HAMMER TIME
(23:02 / Allies) onestepahead: imout
(23:15 / All) onestepahead: gg
(23:19 / Allies) iamnoobkillme: i told yo need bats
(23:23 / Allies) onestepahead: hahah true